 Dungeon Crawl Stone Soup version 0.30-b1-2-g02819fbbbe (webtiles) character file.

Game seed: 12289287335053291063

3525 Alarkh the Martial Artist (level 9, -4/75 HPs)
             Began as a Demonspawn Chaos Knight on May 21, 2023.
             Was a Plaything of Xom.
             Slain by a two-headed ogre
             ... wielding a +1 dire flail of protection
              (21 damage)
             ... on level 8 of the Dungeon.
             The game lasted 00:09:56 (6824 turns).

Alarkh the Martial Artist (Demonspawn Chaos Knight) Turns: 6824, Time: 00:09:56

Health: -4/75      AC: 12    Str: 26    XL:     9   Next: 81%
Magic:  9/9        EV: 13    Int: 14    God:    Xom [*.....]
Gold:   163        SH:  5    Dex: 15    Spells: 8/8 levels left

rFire   + .          .
                       - Unarmed
rCold   + . .        (no shield)
rNeg    . . .        y - +1 ring mail {rF+}
rPois   +            (helmet unavailable)
rElec   +            F - +2 cloak {rPois}
rCorr   .            (no gloves)
SInv    .            f - +0 pair of boots
Will    +....        l - amulet of reflection
Stlth   +            h - +6 ring of strength
HPRegen 0.32/turn    (no ring)
MPRegen 0.11/turn

%: reflection
@: no status effects
A: claws 1, rugged brown scales 2, spiny 1, horns 3, agile 1, cold resistance 1,
strong-willed 1, electricity resistance, strong 2
a: Renounce Religion


You were on level 8 of the Dungeon.
You worshipped Xom.
You were a special plaything of Xom.
You visited 1 branch of the dungeon, and saw 8 of its levels.

You collected 320 gold pieces.
You spent 157 gold pieces at shops.

Inventory:

Armour
 a - a +2 leather armour
 f - a +0 pair of boots (worn)
 y - a +1 ring mail of fire resistance (worn)
 B - the +0 helmet of Hepliaklqana's Respect {*Corrode rF+ rN+ Str+2 Int+2}
   (You found it on level 6 of the Dungeon)

   Str:       It affects your strength (+2).
   Int:       It affects your intelligence (+2).
   rF:        It protects you from fire.
   rN:        It protects you from negative energy.
   *Corrode:  It may corrode you when you take damage.
 F - a +2 cloak of poison resistance (worn)
 H - a +0 buckler
 J - a +0 troll leather armour
Magical Staves
 k - a staff of fire
Jewellery
 e - a ring of ice
 h - a +6 ring of strength (left claw)
 i - a ring of ice
 l - an amulet of reflection (around neck)
 A - the ring "Molipal" {rPois Will- rCorr Int+6}
   (You found it on level 5 of the Dungeon)

   [ring of intelligence]

   Int:       It affects your intelligence (+6).
   rPois:     It protects you from poison.
   rCorr:     It protects you from acid and corrosion.
   Will:      It decreases your willpower.
Wands
 E - a wand of charming (9)
 G - a wand of flame (27)
Scrolls
 c - 4 scrolls of magic mapping
 d - a scroll of poison
 o - a scroll of fear {unknown}
 p - a scroll of acquirement {unknown}
 q - a scroll of amnesia {unknown}
 r - 2 scrolls of identify
 s - 2 scrolls of fog {unknown}
 t - a scroll of noise {unknown}
 x - 3 scrolls of blinking {unknown}
 C - a scroll of summoning {unknown}
 D - 2 scrolls of teleportation
 I - a scroll of silence {unknown}
Potions
 g - a potion of might
 j - 2 potions of mutation
 m - 3 potions of curing
 n - 2 potions of heal wounds
 u - a potion of berserk rage
 v - a potion of invisibility
 w - a potion of haste {unknown}
 z - a potion of lignification {unknown}
Miscellaneous
 b - a piece from Xom's chessboard (15/15) (quivered)


   Skills:
 + Level 7.0 Fighting
 - Level 1.7 Armour
 + Level 5.5 Dodging
 + Level 1.3 Shields
 * Level 8.7 Unarmed Combat
 + Level 6.0 Evocations


You had 8 spell levels left.
You didn't know any spells.
Your spell library contained the following spells:

 Spells                   Type           Power      Damage    Failure   Level
 Kiss of Death            Conj/Necr      0%         2d5       41%         1
 Ensorcelled Hibernation  Hex/Ice        0%         N/A       54%         2
 Passwall                 Tmut/Erth      0%         N/A       54%         2
 Confusing Touch          Hex            0%         N/A       78%         3
 Ignite Poison            Fire/Tmut/Pois 0%         N/A       78%         3
 Spider Form              Tmut/Pois      0%         N/A       78%         3
 Swiftness                Air            0%         N/A       78%         3
 Anguish                  Hex/Necr       0%         N/A       99%         4
 Dispel Undead            Necr           0%         3d6       99%         4
 Sticky Flame             Conj/Fire      0%         2d3       99%         4
 Ignition                 Fire           0%         3d3       100%        8


Dungeon Overview and Level Annotations

Branches:
Dungeon (8/15)             Temple (0/1) D:5
   Lair: D:8-11

Altars:
Cheibriados
Fedhas
Gozag
Hepliaklqana
Makhleb
Uskayaw
Xom
Yredelemnul

Shops:
D:7 [


Innate Abilities, Weirdness & Mutations

You have sharp fingernails.
You are mostly covered in rugged brown scales. (AC +2, +5% HP)
You are partially covered in sharp spines.
You have a pair of large horns on your head.
You are agile. (Dex +4, Str/Int -1)
Your flesh is cold resistant. (rC+)
You are strong-willed. (Will+)
You are resistant to electric shocks. (rElec)
Your muscles are very strong. (Str +8, Int/Dex -2)


Message History

The hornet looks rather more confused.
Something shouts, "Quit, thou plume-plucked pigeon-egg erk!"
The bullfrog is struck by your spines. The bullfrog barely misses you.
The two-headed ogre completely misses you.
The two-headed ogre hits you with a +0 dire flail!
You block the bullfrog's attack. The hornet completely misses you.
The two-headed ogre attacks as you move away!
The two-headed ogre hits you with a +1 dire flail of protection.
The two-headed ogre hits you with a +0 dire flail!
* * * LOW HITPOINT WARNING * * *
The bullfrog is struck by your spines. The bullfrog barely misses you.
The hornet closely misses the bullfrog.
The bullfrog hits you but does no damage.
The bullfrog is struck by your spines. The bullfrog barely misses you.
The bullfrog is struck by your spines. The bullfrog closely misses you.
The hornet stings the bullfrog!
The bullfrog is poisoned.
The bullfrog seems to slow down.
A white imp comes into view.
The white imp shouts!
The bullfrog dies!
The hornet completely misses the bullfrog.
The hornet barely misses itself.
Your Evocations skill increases to level 6!
There is an open door here.
Found a rapier.
Okay, then.
The white imp is struck by your spines.
The white imp hits you but does no damage.
The bullfrog completely misses the white imp.
You open the door. The white imp hits you.
* * * LOW HITPOINT WARNING * * *
The white imp freezes you. You resist.
* * * LOW HITPOINT WARNING * * *
The white imp gestures at you.
The puff of frost hits you but does no damage.
There is an open door here.
The two-headed ogre attacks as you move away!
The two-headed ogre hits you with a +1 dire flail of protection!!
You die...
Xom laughs nastily!

#.#.8.....8.# ..........."#
.####..†#### # ###'## ♣♣ .#
##y..## .. ..# ##.....## ..
...# ##.......#
..♣♣♣♣♣....#.####O5.F.....#
....|§.....#....@.........+
...........#.####.........#
...........# ##.......##
############ ##)....##
##...## #'## .# #


You could see a two-headed ogre, a hornet (confused), a bullfrog (confused) and
a white imp.

Vanquished Creatures
  A tarantella (shapeshifter) (D:6)
  Grinder (D:4)
  Sigmund (D:4)
  A shadow (D:6)
  A wyvern (D:7)
  A steam dragon (D:7)
  Eustachio (D:6)
  A black bear (D:5)
  2 orc warriors
  2 ice beasts
  2 centaurs
  A phantom (D:4)
  A kobold brigand (D:6)
  2 bullfrogs
  3 necrophages (D:7)
  A gnoll sergeant (D:7)
  2 scorpions (D:6)
  A water moccasin zombie (D:7)
  A howler monkey (D:7)
  3 hounds
  A bullfrog zombie (D:7)
  A centaur zombie (D:7)
  2 jellies
  3 orc priests
  3 iguanas
  3 sleepcaps
  5 orc wizards
  A killer bee zombie (D:7)
  A howler monkey zombie (D:7)
  2 adders (D:4)
  14 gnolls
  2 white imps
  An ufetubus (D:5)
  3 dart slugs
  2 worms
  24 orcs
  5 endoplasms
  A giant cockroach (D:2)
  3 goblins
  10 hobgoblins
  6 jackals
  11 kobolds
  6 quokkas
  11 ball pythons
  5 bats
  3 frilled lizards
  6 rats
  A bush (D:7)
165 creatures vanquished.

Vanquished Creatures (collateral kills)
  A boggart (D:7)
  A bullfrog (D:8)
  2 gnolls (D:7)
4 creatures vanquished.

Vanquished Creatures (others)
  A bush (D:7)
  11 plants (D:7)
12 creatures vanquished.

Grand Total: 181 creatures vanquished

Notes
Turn   | Place    | Note
-------+----------+-------------------------------------------
     0 | D:1      | Alarkh the Demonspawn Chaos Knight began the quest for the
                  | Orb.
     0 | D:1      | Reached XP level 1. HP: 18/18 MP: 1/1
   221 | D:1      | Reached skill level 3 in Unarmed Combat
   280 | D:1      | Gained mutation: You are partially covered in rugged brown
                  | scales. (AC +1, +3% HP) [demonic ancestry]
   280 | D:1      | Reached XP level 2. HP: 18/24 MP: 2/2
   283 | D:1      | Reached skill level 1 in Dodging
   626 | D:1      | XOM: divination: detect items
  1028 | D:1      | XOM: scenery: create altars
  1099 | D:2      | Reached XP level 3. HP: 28/29 MP: 3/3
  1114 | D:2      | XOM: give mutations
  1114 | D:2      | Gained mutation: Your flesh is cold resistant. (rC+) [Xom's
                  | grace]
  1114 | D:2      | Gained mutation: Your muscles are strong. (Str +4, Int/Dex
                  | -1) [Xom's grace]
  1114 | D:2      | Gained mutation: You have a pair of small horns on your
                  | head. [Xom's grace]
  1114 | D:2      | Gained mutation: Your muscles are very strong. (Str +8,
                  | Int/Dex -2) [Xom's grace]
  1184 | D:2      | Reached skill level 1 in Evocations
  1187 | D:2      | XOM: give mutations
  1187 | D:2      | Gained mutation: You are strong-willed. (Will+) [Xom's
                  | grace]
  1187 | D:2      | Gained mutation: You are resistant to electric shocks.
                  | (rElec) [Xom's grace]
  1187 | D:2      | Gained mutation: You have a pair of horns on your head.
                  | [Xom's grace]
  1187 | D:2      | Gained mutation: Your mind is acute. (Int +4, Str/Dex -1)
                  | [Xom's grace]
  1301 | D:2      | Gained mutation: You are partially covered in sharp spines.
                  | [demonic ancestry]
  1301 | D:2      | Reached XP level 4. HP: 36/36 MP: 4/4
  1366 | D:2      | XOM: cloud trail
  2002 | D:4      | XOM: stealth player
  2021 | D:4      | Noticed a phantom
  2024 | D:4      | XOM: blink monster(s)
  2030 | D:4      | Killed a phantom
  2031 | D:4      | Reached skill level 4 in Unarmed Combat
  2031 | D:4      | Reached XP level 5. HP: 31/43 MP: 5/5
  2093 | D:4      | Found a hide-covered altar of Uskayaw.
  2096 | D:4      | Found a hazy altar of Hepliaklqana.
  2101 | D:4      | Found a basalt altar of Yredelemnul.
  2443 | D:4      | Noticed Grinder
  2451 | D:5      | XOM: stealth player
  2451 | D:5      | Entered Level 5 of the Dungeon
  2504 | D:4      | Killed Grinder
  2505 | D:4      | Reached XP level 6. HP: 50/50 MP: 6/6
  2568 | D:4      | XOM: silly message
  2601 | D:4      | XOM: divination: magic mapping
  2684 | D:4      | Noticed Sigmund
  2692 | D:4      | Killed Sigmund
  2693 | D:4      | Reached skill level 5 in Unarmed Combat
  2693 | D:4      | Gained mutation: You have sharp fingernails. [demonic
                  | ancestry]
  2693 | D:4      | Reached XP level 7. HP: 38/56 MP: 7/7
  2962 | D:5      | XOM: noise
  3183 | D:5      | Found a staircase to the Ecumenical Temple.
  3221 | D:5      | Found a snail-covered altar of Cheibriados.
  3569 | D:5      | Identified the ring "Molipal" {rPois Will- rCorr Int+6}
  3772 | D:5      | Reached skill level 5 in Fighting
  3920 | D:6      | XOM: 1-stop teleportation journey
  3927 | D:6      | Reached skill level 6 in Unarmed Combat
  3973 | D:6      | XOM: 4-stop teleportation journey
  3988 | D:6      | Gained mutation: You are mostly covered in rugged brown
                  | scales. (AC +2, +5% HP) [demonic ancestry]
  3988 | D:6      | Reached XP level 8. HP: 55/65 MP: 8/8
  3994 | D:6      | an orc changed into a shapeshifter
  3994 | D:6      | Noticed a shapeshifter (shapeshifter)
  3994 | D:6      | XOM: polymorph orc -> shapeshifter
  3994 | D:6      | a shapeshifter changed into a tarantella
  3994 | D:6      | Noticed a tarantella (shapeshifter)
  3997 | D:6      | Killed a tarantella
  4101 | D:6      | Identified the +0 helmet of Hepliaklqana's Respect
                  | {*Corrode rF+ rN+ Str+2 Int+2}
  4125 | D:6      | Found Moilar's Magic Scroll Shop.
  4135 | D:6      | XOM: divination: detect items
  4339 | D:6      | XOM: summons 5 hostile demons
  4617 | D:6      | Found an opulent altar of Gozag.
  4622 | D:6      | Reached skill level 7 in Unarmed Combat
  4671 | D:6      | Noticed Eustachio
  4676 | D:6      | Found an opulent altar of Gozag.
  4676 | D:6      | Found an opulent altar of Gozag.
  4683 | D:6      | Killed Eustachio
  4686 | D:6      | Found an opulent altar of Gozag.
  4716 | D:6      | XOM: draining
  4990 | D:6      | Reached skill level 5 in Evocations
  4990 | D:6      | Reached XP level 9. HP: 41/70 MP: 9/9
  5083 | D:6      | Found a burning altar of Makhleb.
  5340 | D:7      | Found Zattahil's Antique Armour Shop.
  5358 | D:7      | XOM: give mutation
  5358 | D:7      | Lost mutation: Your mind is acute. (Int +4, Str/Dex -1)
                  | [Xom's mischief]
  5380 | D:7      | Bought a runed cloak for 157 gold pieces
  5429 | D:7      | XOM: polymorph gnoll sergeant -> boggart
  5440 | D:7      | XOM: enchant monster (bad)
  5442 | D:7      | Reached skill level 5 in Dodging
  5445 | D:7      | Reached skill level 8 in Unarmed Combat
  5457 | D:7      | XOM: scenery: 1 doors close
  5571 | D:7      | XOM: summons 1 hostile demon
  5718 | D:7      | XOM: give mutations
  5718 | D:7      | Gained mutation: You are agile. (Dex +4, Str/Int -1) [Xom's
                  | mischief]
  5718 | D:7      | Gained mutation: You have a pair of large horns on your
                  | head. [Xom's mischief]
  5728 | D:7      | XOM: swap monsters
  5823 | D:7      | XOM: cloud trail
  5992 | D:7      | Found a blossoming altar of Fedhas.
  6301 | D:7      | XOM: potion effect (haste)
  6308 | D:7      | Reached skill level 1 in Shields
  6433 | D:3      | XOM is BORED!
  6433 | D:3      | XOM: torment (38/74 hp)
  6493 | D:1      | XOM: summons 3 hostile demons
  6526 | D:1      | XOM: summons 5 hostile demons
  6809 | D:8      | Noticed a two-headed ogre
  6809 | D:8      | XOM: 5-stop teleportation journey
  6815 | D:8      | XOM: swap monsters
  6824 | D:8      | Slain by a two-headed ogre

Illustrated notes

Levels and vault maps discovered:
D:1:      lightli_iron_boxes, layout_loops_corners, grunt_decor_resistance
D:2:      layout_basic
D:3:      layout_rooms, nicolae_elevator_lobby_plus
D:4:      layout_loops_ring, grunt_temple_overflow_diamond,
          chequers_hall_statues_wall_a, uniq_grinder, uniq_sigmund
D:5:      layout_layer_cave, good_gods_temple_1, kennysheep_slug_shrine,
          minmay_temple_entry_statues_fountains, grunt_decor_clamped
D:6:      layout_basic, makhleb_heckhound_becter,
          nicolae_gozag_conspicuous_consumption, serial_shops,
          nicolae_lakefront_shop, uniq_eustachio
D:7:      layout_gridville, fedhas_altar_decomposition, serial_shops,
          nicolae_shop_stone, solitary_fountain, st_stairs_13,
          chequers_serial_rivers_small_3
D:8:      layout_loops_corners, palyth_temple_overflow_mages,
          mainiacjoe_overflow_alcove_2, st_stairs_1, kennysheep_generic_room_16

Skill      XL: |  1  2  3  4  5  6  7  8  9 |
---------------+----------------------------+-----
Unarmed Combat | 3 4 5 6 7 8 |  8.7
Dodging        | 1 2 3 4 5 |  5.5
Evocations     | 1 2 3 5 6 |  6.0
Fighting       | 4 5 6 7 |  7.0
Shields        | 1 |  1.3
Armour         | |  1.7

Action                     |  1- 3 |  4- 6 |  7- 9 || total
---------------------------+-------+-------+-------++-------
  Melee: Unarmed           |   119 |    96 |   277 ||   492
         Punch             |     2 |       |    11 ||    13
         Headbutt          |     5 |    13 |    54 ||    72
  Evoke: Piece from Xom's  |       |     7 |     5 ||    12
    Use: Scroll            |       |     9 |     1 ||    10
   Stab: Sleeping          |       |     1 |       ||     1
         Paralysed         |       |     4 |       ||     4
         Petrified         |       |       |     7 ||     7
         Confused          |       |       |     1 ||     1
 Armour: Leather armour    |    39 |    17 |       ||    56
         Ring mail         |       |     4 |    95 ||    99
  Dodge: Dodged            |    60 |    31 |   110 ||   201
  Block: Other             |       |    12 |    56 ||    68
         Reflection        |       |       |     3 ||     3
